 Dungeon Crawl Stone Soup version 0.28-a0-751-gef3a642a4e (webtiles) character file.

Game seed: 7482579435182869367

27 spiderkeys the Skirmisher (level 3, -8/24 HPs)
             Began as a Gargoyle Abyssal Knight on Oct 31, 2021.
             Was a Follower of Lugonu.
             Mangled by a tentacled starspawn (12 damage)
             ... on level 1 of the Abyss.
             The game lasted 00:00:28 (96 turns).

spiderkeys the Skirmisher (Gargoyle Abyssal Knight)   Turns: 96, Time: 00:00:29

Health: -8/24      AC:  6    Str: 17    XL:     3   Next: 10%
Magic:  4/4        EV: 11    Int: 10    God:    Lugonu [*.....]
Gold:   8          SH:  0    Dex: 10    Spells: 2/2 levels left

rFire   . . .      SeeInvis .   a - +1 mace
rCold   . . .      Faith    .   (no shield)
rNeg    + . .      Spirit   .   b - +0 leather armour
rPois   ∞          Reflect  .   (no helmet)
rElec   +          Harm     .   (no cloak)
rCorr   .          Rampage  .   (no gloves)
Will    .....                   (no boots)
Stlth   +.........              (no amulet)
HPRegen 0.08/turn               (no ring)
MPRegen 0.09/turn               (no ring)

@: on berserk cooldown, slowed, very slow
A: sickness immunity, AC +3, negative energy resistance 1, electricity
resistance, torment resistance 1, petrification resistance
a: Renounce Religion, Depart the Abyss


You were on level 1 of the Abyss.
You worshipped Lugonu.
Lugonu was aware of your devotion.
You visited 0 branches of the dungeon, and saw 0 of its levels.
You visited the Abyss 1 time.

You collected 8 gold pieces.


Innate Abilities, Weirdness & Mutations

You are immune to sickness and miasma.
Your stone body is resilient. (AC +3)
You are immune to poison.
You resist negative energy. (rN+)
You are resistant to electric shocks. (rElec)
You are resistant to unholy torment.
You are immune to petrification.


   Skills:
 + Level 3.6 Fighting
 + Level 2.4 Maces & Flails
 + Level 2.6 Armour
 - Level 0.7 Dodging
 + Level 2.5 Invocations


You had 2 spell levels left.
You didn't know any spells.
Your spell library was empty.

Inventory:

Hand Weapons
 a - a +1 mace (weapon)
Armour
 b - a +0 leather armour (worn)

Dungeon Overview and Level Annotations

Branches:
Dungeon (0/15)

Altars:

##.#. #.... #...##
#.#..####### #..#..#.#.#
....§##..## .
#.w#####.## .# #
#@X──#.#..# . ..
#...##.#>.#.###. #..#
....##...#/##.§.....#...
#. ###. ..##.#####..##
.. #.. .##.....# ..#
##....... .## ##. #
#.§§#..# ##. #.# ...#..
#.##.#§ #.. .#..... ...


You could see a tentacled starspawn and a starspawn tentacle.


Message History

🤖 Initializing magus.rc ... ✅ Successfully initialized magus.rc [v1.9.10] Welcome, spiderkeys the Gargoyle Abyssal Knight.
Countless adventurers have entered the dungeon seeking the Orb of Zot, but there's always room for one more...
Lugonu says: Depart the Abyss and spread corruption, my servant! (use the ability menu to exit the Abyss) Press ? for a list of commands and other information.
Found a corrupted altar of Lugonu.
There is a corrupted altar of Lugonu here.
Found a gateway leading out of the Abyss.
c - a purple potion You now have 8 gold pieces.
An iron imp comes into view.
It was a potion of berserk rage.
A red film seems to cover your vision as you go berserk!
You feel yourself moving faster!
You feel mighty!
The iron imp shouts, "Despair, thou puny fob-snatching flax-wench!" 😎 HP[+7]
You now have 21 max hp (+7).
Your hp is fully restored (21).
You feel a strong urge to attack something.
The iron imp misses you.
You closely miss the iron imp.
The iron imp hits you but does no damage.
You barely miss the iron imp.
A tentacled starspawn comes into view.
You hit the iron imp. The iron imp hits you!
A tentacle flies out from the starspawn's body!
A starspawn tentacle comes into view. 😮 HP[-8]
You take 8 damage, and now have 13/21 hp.
MASSIVE DAMAGE!! (PAUSE)
You hit the iron imp.
The iron imp hits you but does no damage.
You thump the iron imp!
You kill the iron imp!
You have reached level 2!
You have reached level 3!
Your experience leads to an increase in your attributes!
Increase (S)trength, (I)ntelligence, or (D)exterity?
You feel stronger. 😮 HP[+9] MP[+2]
You now have 36 max hp (+15).
You regained 9 hp, and now have 22/36 hp.
Your mp is fully restored (4).
The substance of the Abyss twists violently, and a gateway leading out appears!
There is a gateway leading out of the Abyss here.
You feel a strong urge to attack something. 😮 HP[+1]
There is a gateway leading out of the Abyss here.
You feel your anger nearly subside.
You are no longer berserk.
You are exhausted.
You feel yourself slow down. 😮 HP[-8]
You now have 24 max hp (-12). 😮 HP[+1] 😮 HP[+1]
A tentacle flies out from the starspawn's body!
A starspawn tentacle comes into view.
A tentacle flies out from the starspawn's body!
A starspawn tentacle comes into view.
Something hits you.
* * * LOW HITPOINT WARNING * * *
Deactivating autopickup; reactivate with Ctrl-A. 😨 HP[-5]
You take 5 damage, and now have 12/24 hp.
MASSIVE DAMAGE!! (PAUSE)
You hit something but do no damage. Something hits you.
* * * LOW HITPOINT WARNING * * *
Something hits you.
* * * LOW HITPOINT WARNING * * *
Something hits you.
* * * LOW HITPOINT WARNING * * *
Tentacles burst from the starspawn's body! 2 starspawn tentacles come into view. 😱 HP[-8]
You take 8 damage, and now have 4/24 hp.
MASSIVE DAMAGE!! (PAUSE)
Something hits you but does no damage.
The starspawn tentacle closely misses you.
The tentacled starspawn bites you!
Ouch! That really hurt!
You die...

Action                   || total
-------------------------++-------
Melee: Mace              ||     6
  Use: Potion            ||     1
Armor: Leather armour    ||     3
Dodge: Dodged            ||     2

Levels and vault maps discovered:
Abyss:1:  base: Temple, base:
Temple

Notes
Turn   | Place    | Note
-------+----------+-------------------------------------------
     0 | Abyss:1  | spiderkeys the Gargoyle Abyssal Knight began the quest for
                  | the Orb.
     0 | Abyss:1  | Reached XP level 1. HP: 14/14 MP: 2/2
     0 | Abyss:1  | magus.rc [v1.9.10]
    65 | Abyss:1  | Noticed an iron imp
    69 | Abyss:1  | Noticed a tentacled starspawn
    72 | Abyss:1  | Killed an iron imp
    73 | Abyss:1  | Reached XP level 2. HP: 19/20 MP: 3/3
    73 | Abyss:1  | Reached XP level 3. HP: 22/24 MP: 4/4
    95 | Abyss:1  | HP: 4/24 [something (3)]
    96 | Abyss:1  | Mangled by a tentacled starspawn

Vanquished Creatures
  An iron imp (Abyss:1)
1 creature vanquished.

Vanquished Creatures (others)
  6 starspawn tentacles (Abyss:1)
6 creatures vanquished.

Grand Total: 7 creatures vanquished

Table legend:
 A = Non-vault XP
 B = Vault XP
 C = Vault XP percentage of total XP
 D = Non-vault monster count
 E = Vault monster count
 F = Vault count percentage of total count
                 A         B        C        D         E       F
            +---------+---------+-------+---------+---------+-------
      Total |      39 |       0 |   0.0 |       1 |       0 |   0.0
            +---------+---------+-------+---------+---------+-------
    Abyss:1 |      39 |       0 |   0.0 |       1 |       0 |   0.0
            +---------+---------+-------+---------+---------+-------

Illustrated notes

Table legend:
 A = Kills in this place as a percentage of kills in entire the game.
 B = Kills by you in this place as a percentage of kills by you in the entire game.
 C = Kills by friends in this place as a percentage of kills by friends in the entire game.
 D = Other kills in this place as a percentage of other kills in the entire game.
 E = Experience gained in this place as a percentage of experience gained in the entire game.
 F = Experience gained in this place divided by the number of levels of this place that you have seen.
                   A       B       C       D       E      F
               +-------+-------+-------+-------+-------+----------------------
         Total | 100.0 | 100.0 |   N/A |   N/A | 100.0 |  39.0
         Abyss | 100.0 | 100.0 |   N/A |   N/A | 100.0 |  39.0
               +-------+-------+-------+-------+-------+----------------------

Table legend: (Time is in decaauts)
 A = Elapsed time spent in this place.
 B = Non-inter-level travel time spent in this place.
 C = Inter-level travel time spent in this place.
 D = Time resting spent in this place.
 E = Time spent auto-exploring this place.
 F = Levels seen in this place.
 G = Mean time per level.
                   A        B        C        D        E       F      G
               +--------+--------+--------+--------+--------+-----+--------+
         Total |    103 |    103 |      0 |      0 |     63 |   1 |  103.0 |
         Abyss |    103 |    103 |      0 |      0 |     63 |   1 |  103.0 |
               +--------+--------+--------+--------+--------+-----+--------+

Top non-repeatable levels by time:
 Abyss:1: 103 daAuts
